 Dungeon Crawl Stone Soup version 0.32-a0-898-g7811c86cf0 (webtiles) character file.

Game seed: 6445660579667129887

146204 Gargoyl the Severer (level 17, -15/116 HPs)
             Began as a Gargoyle Berserker on Apr 4, 2024.
             Was a High Priest of Trog.
             Demolished by a red very ugly thing (17 damage)
             ... on level 3 of the Abyss.
             The game lasted 00:52:44 (30454 turns).

Gargoyl the Severer (Gargoyle Berserker)           Turns: 30454, Time: 00:52:45

Health: -15/116    AC: 41    Str: 23    XL:     17   Next: 44%
Magic:  17/17      EV:  8    Int:  4    God:    Trog [*****.]
Gold:   1744       SH: 17    Dex: 18    Spells: 16/16 levels left

rFire   + . .        b - +2 war axe (venom)
rCold   + . .        y - +5 Storm Queen's Shield {shock, Fly rElec}
rNeg    + . .        S - +2 plate armour {rF+}
rPois   ∞            m - +1 helmet
rElec   +            F - +0 cloak
rCorr   .            z - +0 pair of gloves {Dex+3}
SInv    .            l - +2 pair of boots {Stlth+}
Will    ++...        q - amulet of the acrobat Stlth
                     C - ring of protection from cold
HPRegen 0.39/turn    (no ring)
MPRegen 0.15/turn

%: acrobat
@: on berserk cooldown, flying, slowed, very slow
A: sickness immunity, AC +12, big wings, negative energy resistance 1,
electricity resistance, torment resistance 1, petrification resistance,
strong-willed 1, wild magic 1, [dopey 2]
a: Renounce Religion, Berserk, Trog's Hand, Brothers in Arms


You were on level 3 of the Abyss.
You worshipped Trog.
Trog was extremely pleased with you.
You visited 4 branches of the dungeon, and saw 23 of its levels.
You visited the Abyss 2 times.
You also visited: Ice Cave and Volcano.

You collected 2930 gold pieces.
You spent 1186 gold pieces at shops.

Inventory:

Hand Weapons
 a - a +0 hand axe of protection
 b - a +2 war axe of venom (weapon)
 e - a +0 hand axe
 B - a +0 broad axe of flaming
Missiles
 d - a throwing net
 D - 12 poisoned darts (quivered)
Armour
 l - a +2 pair of boots of stealth (worn)
 m - a +1 helmet (worn)
 y - the +5 Storm Queen's Shield (worn) {shock, Fly rElec}
   (You found it on level 11 of the Dungeon)

   Shock:     When it blocks an attack, it may electrocute the attacker.
   This works even against foes who are a short distance away.
   rElec:     It insulates you from electricity.
   Fly:       It grants you flight.
 z - a +0 pair of gloves of dexterity (worn)
 F - a +0 cloak (worn)
 S - a +2 plate armour of fire resistance (worn)
Jewellery
 q - an amulet of the acrobat (around neck)
 C - a ring of protection from cold (left hand)
 R - a ring of protection from cold
Wands
 n - a wand of acid (15)
 o - a wand of warping (2)
 s - a wand of flame (62)
 v - a wand of polymorph (3)
 P - a wand of paralysis (3)
Scrolls
 c - a scroll of identify
 f - a scroll of revelation
 r - a scroll of fog
 x - 5 scrolls of teleportation
 H - a scroll of blinking
 M - 2 scrolls of vulnerability
 O - a scroll of fear
 Q - a scroll of poison
Potions
 g - 4 potions of berserk rage
 i - 2 potions of magic
 j - 3 potions of invisibility
 k - a potion of cancellation
 p - a potion of lignification
 t - a potion of ambrosia
 u - 2 potions of curing
 A - 4 potions of might
 G - a potion of enlightenment
 J - a potion of resistance
 N - 2 potions of haste
Miscellaneous
 I - a Gell's gravitambourine (2/2)
 L - a lightning rod (4/4)


   Skills:
 + Level 16.8 Fighting
 + Level 2.7(3.5) Short Blades
 + Level 3.2(3.7) Long Blades
 + Level 18.0 Axes
 + Level 1.2 Throwing
 + Level 15.8 Armour
 + Level 4.8 Dodging
 + Level 3.3 Stealth
 + Level 10.8 Shields
 + Level 1.6 Evocations


You had 16 spell levels left.
You didn't know any spells.
Your spell library was empty.

Dungeon Overview and Level Annotations

Branches:
Dungeon (15/15)            Temple (0/1) D:5            Lair (5/5) D:10
 Shoals (0/4) Lair:3       Spider (1/4) Lair:2        Slime (0/5) Lair:5
    Orc (2/2) D:10            Elf (0/3) Orc:2        Vaults (0/5) D:13
 Depths (0/4) D:15          IceCv (visited)         Volcano (visited)

Altars:
Cheibriados
Fedhas
Gozag
Kikubaaqudgha
Makhleb
Nemelex Xobeh
Ru
Sif Muna
Uskayaw
Vehumet
Wu Jian
Xom
Yredelemnul
Zin
Beogh

Shops:
D:6 *   D:8 =   D:9 [   D:10 (   Orc:1 *   Orc:2 [*[(

Annotations:
D:11 3 runed translucent doors
D:13 exclusion: ice statue
Spider:1 Donald


Innate Abilities, Weirdness & Mutations

You are immune to sickness and miasma.
Your stone body is resilient. (AC +12)
You are immune to poison.
Your large and strong wings let you fly.
You resist negative energy. (rN+)
You are resistant to electric shocks. (rElec)
You are resistant to unholy torment.
You are immune to petrification.
You are strong-willed. (Will+)
Your spells are a little harder to cast, but a little more powerful.
[You are very dopey. (Int -4)]


Message History

The starcursed mass shudders and is absorbed by its neighbour.
You are suddenly pulled into a different region of the Abyss!
A red very ugly thing comes into view.
The red very ugly thing gurgles horribly!
You slice the red very ugly thing!!
The red very ugly thing looks as sick as possible!
The red very ugly thing is lightly wounded.
You feel the effects of Trog's Hand fading.
You block the red very ugly thing's attack.
You slash the red very ugly thing!
The red very ugly thing is moderately wounded.
You block the red very ugly thing's attack.
The red very ugly thing pecks you!
You are engulfed in flames!
You resist.
* * * LOW HITPOINT WARNING * * *
You hit the red very ugly thing.
The red very ugly thing looks as sick as possible!
The red very ugly thing is moderately wounded.
You block the red very ugly thing's attack.
Your shield discharges, shocking the red very ugly thing!
You slash the red very ugly thing!
The red very ugly thing looks as sick as possible!
The red very ugly thing is heavily wounded.
The red very ugly thing pecks you but does no damage.
You hit the red very ugly thing but do no damage.
The red very ugly thing looks as sick as possible!
The red very ugly thing is severely wounded.
The red very ugly thing pecks you.
* * * LOW HITPOINT WARNING * * *
You are engulfed in flames!
You resist.
* * * LOW HITPOINT WARNING * * *
You feel better.
Your skin stops crawling.
You feel less strong-willed. The red very ugly thing pecks you.
* * * LOW HITPOINT WARNING * * *
You are engulfed in flames!
You resist.
* * * LOW HITPOINT WARNING * * *
The red very ugly thing pecks you.
* * * LOW HITPOINT WARNING * * *
You are engulfed in flames!
You resist.
You die...

#.#... ..# ..#.#
# . .. .#. . .
...#.###..#.##..
#.........#...#
.#.. ..#.#...#..
.....#.#.......#
#...#u.......
#...@......##
##..###..###
...#. ...# #..
.# #..# #.. ## .
.# ## .# # .


You could see a red very ugly thing (extremely poisoned).

Vanquished Creatures
  An ancient lich (Abyss:3)
  Jorgrun (Orc:2)
  Frances (D:14)
  Kirke (Lair:5)
  A storm dragon (D:11)
  Agnes (D:14)
  2 frost giants
  A lorocyproca (Abyss:2)
  Nessos (D:14)
  A spark wasp (D:11)
  Azrael (D:13)
  5 hydras
  Harold (D:10)
  A spriggan air mage (D:11)
  2 ogre magi
  5 boulder beetles
  A death knight (D:15)
  6 centaur warriors
  11 two-headed ogres
  2 tengu warriors (D:15)
  5 orc high priests
  20 death yaks
  2 shock serpents (D:11)
  A naga warrior (Abyss:2)
  Urug (D:12)
  Sonja (D:11)
  2 wretched stars
  Amaemon (D:8)
  5 skysharks
  9 skeletal warriors
  Lodul (D:11)
  3 large abominations
  2 arcanists
  An orc knight (Orc:1)
  2 obsidian bats
  3 deep elf pyromancers
  2 deep elf zephyrmancers (D:11)
  13 ugly things
  20 elephants
  4 manticores
  9 cyclopes
  3 orc sorcerers
  A manticore (shapeshifter) (D:13)
  3 salamanders (Volcano)
  3 meliai (D:14)
  Maurice (D:11)
  An ice statue (IceCv)
  2 kobold blastminers
  An apocalypse crab (Abyss:3)
  4 molten gargoyles (Volcano)
  3 orange demons
  A torpor snail (Lair:4)
  2 gargoyles
  4 black mambas
  15 cane toads
  Maggie (D:9)
  10 komodo dragons
  3 unseen horrors
  3 kobold demonologists
  5 rime drakes
  A tengu conjurer (D:14)
  3 efreet
  2 ancient zymes (Abyss:2)
  5 trolls
  A hellwing (Abyss:3)
  14 polar bears
  A queen bee (shapeshifter) (D:9)
  6 hornets (Lair:5)
  2 dream sheep (Lair:5)
  8 blink frogs
  Grinder (D:4)
  3 raiju
  Sigmund (D:4)
  A centaur simulacrum (D:14)
  14 spriggans (Lair:5)
  2 vampires
  A ynoxinul (Abyss:3)
  24 yaks
  A wraith (D:13)
  8 wyverns
  2 golden eyes (Abyss:2)
  4 hogs (Lair:5)
  4 fire elementals (D:13)
  A human (Lair:5)
  7 redbacks
  8 vampire mosquitoes
  8 wargs
  Menkaure (D:6)
  3 steam dragons
  4 basilisks
  A neqoxec (Abyss:2)
  2 chaos spawn
  14 water moccasins
  Edmund (D:6)
  3 hell hounds (D:13)
  2 nagas (Abyss:2)
  Duvessa (D:6)
  3 laughing skulls (Abyss:2)
  18 orc warriors
  13 ogres
  5 black bears
  3 boggarts (Lair:5)
  4 small abominations (Abyss:2)
  51 wolves
  12 centaurs
  4 starcursed masses (Abyss:3)
  5 kobold brigands
  2 weeping skulls (Abyss:2)
  15 bullfrogs
  2 gnoll sergeants
  A brain worm (Abyss:2)
  6 scorpions
  9 wights
  Dowan (D:6)
  16 killer bees
  An electric eel (Lair:3)
  6 howler monkeys
  A lava snake (D:9)
  A bombardier beetle (D:5)
  5 hounds
  A quasit (Abyss:2)
  A jelly (D:6)
  35 orc priests
  7 iguanas
  A gnoll bouda (D:4)
  3 sleepcaps
  20 orc wizards
  9 adders
  29 gnolls
  A shadow imp (D:7)
  17 white imps
  2 ufetubi (D:7)
  4 dart slugs
  2 ribbon worms
  73 orcs
  6 ball pythons
  4 bats
  8 endoplasms
  2 giant cockroaches (D:4)
  6 goblins
  9 hobgoblins
  10 jackals (D:4)
  8 quokkas
  2 frilled lizards (D:1)
  13 kobolds
  8 rats
849 creatures vanquished.

Vanquished Creatures (collateral kills)
  A very ugly thing (Abyss:2)
  Snorg (Lair:3)
  A death yak (Lair:5)
  An ugly thing (D:14)
  An apocalypse crab (Abyss:2)
  A guardian serpent (Abyss:2)
  A rime drake (IceCv)
  A polar bear (IceCv)
  A blink frog (Lair:5)
  A starcursed mass (Abyss:3)
  3 yaks (IceCv)
  3 golden eyes (Abyss:2)
  A neqoxec (Abyss:2)
  An orc warrior (Orc:2)
  A small abomination (Abyss:2)
  A weeping skull (Abyss:2)
20 creatures vanquished.

Vanquished Creatures (others)
  An orc (D:11)
  A kobold (D:11)
  3 starspawn tentacles (Abyss:2)
5 creatures vanquished.

Grand Total: 874 creatures vanquished

Notes
Turn   | Place    | Note
-------+----------+-------------------------------------------
     0 | D:1      | Gargoyl the Gargoyle Berserker began the quest for the Orb.
     0 | D:1      | Reached XP level 1. HP: 14/14 MP: 1/1
   122 | D:1      | Reached XP level 2. HP: 19/19 MP: 2/2
   282 | D:1      | You fall into a shaft and drop 1 floor!
   769 | D:2      | Reached skill level 3 in Axes
   769 | D:2      | Reached XP level 3. HP: 24/24 MP: 3/3
   942 | D:1      | Reached ** piety under Trog
  1920 | D:3      | Gained mutation: You are clumsy. (Dex -2) [potion of
                  | mutation]
  1920 | D:3      | Gained mutation: You occasionally shout uncontrollably at
                  | your foes. [potion of mutation]
  2258 | D:3      | Found a blossoming altar of Fedhas.
  2258 | D:3      | Found a hide-covered altar of Uskayaw.
  2421 | D:3      | Reached XP level 4. HP: 29/29 MP: 4/4
  3178 | D:4      | Noticed a scorpion
  3185 | D:4      | Killed a scorpion
  3186 | D:4      | Reached skill level 1 in Short Blades
  3186 | D:4      | Reached XP level 5. HP: 34/34 MP: 5/5
  3223 | D:4      | Found a sparkling altar of Nemelex Xobeh.
  3249 | D:4      | Reached skill level 4 in Axes
  3255 | D:4      | Reached XP level 6. HP: 17/39 MP: 6/6
  3394 | D:4      | Reached skill level 1 in Stealth
  3550 | D:4      | Reached XP level 7. HP: 12/44 MP: 7/7
  3686 | D:4      | Reached *** piety under Trog
  3785 | D:4      | Noticed Sigmund
  3802 | D:4      | Killed Sigmund
  3803 | D:4      | Reached skill level 5 in Fighting
  3807 | D:4      | Reached skill level 5 in Axes
  3810 | D:4      | Reached XP level 8. HP: 43/49 MP: 8/8
  3909 | D:4      | Noticed Grinder
  3924 | D:4      | Killed Grinder
  3925 | D:4      | Reached skill level 5 in Armour
  4254 | D:4      | Reached skill level 6 in Axes
  4571 | D:4      | Reached **** piety under Trog
  4818 | D:5      | Entered Level 5 of the Dungeon
  4918 | D:5      | Found a staircase to the Ecumenical Temple.
  5102 | D:5      | Reached skill level 7 in Axes
  5144 | D:5      | Reached XP level 9. HP: 52/55 MP: 9/9
  5164 | D:5      | Found a shimmering blue altar of Sif Muna.
  5287 | D:5      | Found a snail-covered altar of Cheibriados.
  5387 | D:5      | Found a burning altar of Makhleb.
  5692 | D:6      | Noticed Menkaure
  5697 | D:6      | Killed Menkaure
  5728 | D:6      | Reached skill level 8 in Axes
  5774 | D:6      | Noticed Edmund
  5783 | D:6      | Killed Edmund
  5819 | D:6      | Found Geckesk Giedgh's General Store.
  5886 | D:6      | Bought a potion of ambrosia for 104 gold pieces
  6096 | D:6      | Found Zin's Purification Station.
  6096 | D:6      | Found a glowing silver altar of Zin.
  6106 | D:6      | Bought a potion of curing for 90 gold pieces
  6170 | D:6      | Lost mutation: You are clumsy. (Dex -2) [potion of
                  | mutation]
  6170 | D:6      | Lost mutation: You occasionally shout uncontrollably at
                  | your foes. [potion of mutation]
  6170 | D:6      | Gained mutation: You have a pair of small horns on your
                  | head. [potion of mutation]
  6170 | D:6      | Gained mutation: You are somewhat resistant to further
                  | mutation. [potion of mutation]
  6170 | D:6      | Lost mutation: You are somewhat resistant to further
                  | mutation. [potion of mutation]
  6171 | D:6      | Lost mutation: You have a pair of small horns on your head.
                  | [potion of mutation]
  6171 | D:6      | Gained mutation: [You are dopey. (Int -2)] [potion of
                  | mutation]
  6171 | D:6      | Lost mutation: [You are dopey. (Int -2)] [potion of
                  | mutation]
  6171 | D:6      | Gained mutation: Your large and strong wings let you fly.
                  | [potion of mutation]
  6364 | D:6      | Noticed Duvessa
  6369 | D:6      | Killed Duvessa
  6370 | D:6      | Reached skill level 9 in Axes
  6385 | D:6      | Noticed Dowan
  6391 | D:6      | Killed Dowan
  6731 | D:7      | Found a sacrificial altar of Ru.
  6942 | D:7      | Reached ***** piety under Trog
  7275 | D:7      | Reached XP level 10. HP: 58/61 MP: 10/10
  7275 | D:7      | Identified a scroll of acquirement
  7275 | D:7      | Acquired an amulet of the acrobat
  7610 | D:8      | Found a basalt altar of Yredelemnul.
  7718 | D:8      | Found Wienenaw's Jewellery Shop.
  8041 | D:8      | Reached skill level 10 in Axes
  8301 | D:8      | Noticed an orange demon
  8303 | D:8      | Noticed Amaemon
  8314 | D:8      | Killed an orange demon
  8325 | D:8      | Killed Amaemon
  8684 | D:8      | Found the +7 Throatcutter {drain, coup de grace}
  8684 | D:8      | Noticed a kobold demonologist
  8684 | D:8      | Noticed a kobold demonologist
  8689 | D:8      | Noticed a soul eater
  8690 | D:8      | Killed a kobold demonologist
  8691 | D:8      | Noticed a rust devil
  8698 | D:8      | Killed a kobold demonologist
  8699 | D:8      | Reached skill level 11 in Axes
  8922 | D:9      | Found Xekadwy's Armour Shoppe.
  8931 | D:9      | Bought a +0 pair of gloves of dexterity for 149 gold pieces
  8950 | D:9      | Noticed a centaur warrior
  8963 | D:9      | Killed a centaur warrior
  8964 | D:9      | Reached XP level 11. HP: 37/68 MP: 11/11
  8968 | D:9      | Reached skill level 1 in Long Blades
  9693 | D:9      | Found an ancient bone altar of Kikubaaqudgha.
  9772 | D:9      | Noticed Maggie
  9783 | D:9      | Killed Maggie
  9791 | D:9      | Lost mutation: Your large and strong wings let you fly.
                  | [potion of mutation]
  9791 | D:9      | Gained mutation: You are partially covered in iridescent
                  | scales. (AC +2) [potion of mutation]
 10023 | D:10     | Entered Level 10 of the Dungeon
 10065 | D:10     | Noticed a two-headed ogre
 10075 | D:10     | Killed a two-headed ogre
 10271 | D:10     | Noticed Harold
 10287 | D:10     | Killed Harold
 10288 | D:10     | Reached skill level 12 in Axes
 10719 | D:9      | Noticed a boulder beetle
 10736 | D:9      | Killed a boulder beetle
 10975 | D:10     | Found a staircase to the Lair.
 11242 | D:10     | Found a radiant altar of Vehumet.
 11643 | D:10     | Found an ornate altar of the Wu Jian Council.
 11710 | D:10     | Found a staircase to the Orcish Mines.
 11782 | D:10     | Found Eqotubet's Weapon Shoppe.
 11850 | Lair:1   | Entered Level 1 of the Lair of Beasts
 12068 | Lair:1   | Reached XP level 12. HP: 76/76 MP: 12/12
 12072 | Lair:1   | Found a shimmering altar of Xom.
 12194 | Lair:1   | Reached skill level 13 in Axes
 13063 | Lair:2   | Reached skill level 10 in Fighting
 13073 | Lair:2   | Found a hole to the Spider Nest.
 13203 | Lair:2   | Reached skill level 10 in Armour
 13505 | Lair:2   | Reached skill level 14 in Axes
 14380 | Lair:3   | Noticed a skyshark
 14394 | Lair:3   | Reached XP level 13. HP: 84/84 MP: 13/13
 14535 | Lair:3   | Noticed Snorg
 14543 | Lair:3   | Killed Snorg
 14571 | Lair:3   | Found a staircase to the Shoals.
 16012 | Lair:4   | Reached skill level 15 in Axes
 16827 | Lair:4   | Gained mutation: Your large and strong wings let you fly.
                  | [Gargoyle growth]
 16827 | Lair:4   | Reached XP level 14. HP: 92/92 MP: 14/14
 17380 | Lair:5   | Entered Level 5 of the Lair of Beasts
 17660 | Lair:5   | Received a gift from Trog
 17867 | Lair:5   | Reached skill level 16 in Axes
 18151 | Lair:5   | HP: 3/94 [blink frog (13)]
 18914 | Lair:5   | Noticed Kirke
 18928 | Lair:5   | Killed Kirke
 19575 | Lair:5   | Found a staircase to the Slime Pits.
 19762 | D:11     | Noticed Sonja
 19800 | Abyss:2  | Cast into level 2 of the Abyss (Sonja)
 19889 | Abyss:2  | Reached XP level 15. HP: 69/100 MP: 15/15
 20112 | Abyss:2  | Reached skill level 1 in Shields
 20115 | Abyss:2  | Noticed a bone dragon
 20134 | Abyss:2  | Found a corrupted altar of Lugonu.
 20186 | Abyss:2  | Noticed a tentacled starspawn
 20312 | Abyss:2  | Reached skill level 1 in Throwing
 20493 | D:11     | Escaped the Abyss
 20502 | D:11     | Killed Sonja
 20665 | D:11     | Noticed Maurice
 20711 | D:11     | Killed Maurice
 21137 | D:11     | Noticed Lodul
 21143 | D:11     | Reached skill level 1 in Evocations
 21170 | D:11     | HP: 3/101 [skeletal warrior/+0 halberd (9)]
 21176 | D:11     | Found a runed translucent door.
 21181 | D:11     | Killed Lodul
 21365 | D:11     | Found a runed translucent door.
 21370 | D:11     | Found a runed translucent door.
 21370 | D:11     | Found the +5 Storm Queen's Shield {shock, Fly rElec}
 21405 | D:11     | Found a runed translucent door.
 21432 | D:11     | Noticed a storm dragon
 21669 | D:11     | Killed a storm dragon
 21696 | D:11     | Reached skill level 15 in Fighting
 22247 | D:12     | Noticed Urug
 22258 | D:12     | Killed Urug
 22518 | D:13     | Noticed Azrael
 22546 | D:13     | Killed Azrael
 22884 | D:13     | Found a gate to the Vaults.
 23274 | D:14     | Reached skill level 5 in Shields
 23307 | D:14     | Reached skill level 17 in Axes
 23312 | D:14     | Noticed Agnes
 23322 | D:14     | Killed Agnes
 23323 | D:14     | Reached XP level 16. HP: 47/108 MP: 9/16
 23596 | D:14     | Noticed Frances
 23617 | D:14     | Killed Frances
 23953 | D:14     | Found an opulent altar of Gozag.
 24158 | D:14     | Noticed Nessos
 24166 | D:14     | Killed Nessos
 24167 | D:14     | Reached skill level 15 in Armour
 24715 | D:15     | Entered Level 15 of the Dungeon
 25593 | D:15     | Found a sacrificial altar of Ru.
 25829 | D:15     | Found a staircase to the Depths.
 25845 | D:15     | HP: 1/165 [frost giant/+0 battleaxe of freezing (10)]
 26881 | Orc:1    | Entered Level 1 of the Orcish Mines
 26881 | Orc:1    | Found a roughly hewn altar of Beogh.
 27054 | Orc:1    | Found Renkor's Assorted Antiques.
 27119 | Orc:1    | Bought a scroll of blinking for 180 gold pieces
 27119 | Orc:1    | Bought a scroll of teleportation for 72 gold pieces
 27119 | Orc:1    | Bought 3 scrolls of teleportation for 216 gold pieces
 27119 | Orc:1    | Bought a large emerald amulet for 120 gold pieces
 27279 | Orc:1    | Found a frozen archway.
 27303 | IceCv    | Entered an ice cave
 28036 | Orc:2    | Entered Level 2 of the Orcish Mines
 28175 | Orc:2    | Reached XP level 17. HP: 100/115 MP: 17/17
 28251 | Orc:2    | Found a staircase to the Elven Halls.
 28268 | Orc:1    | Received a gift from Trog
 28496 | Orc:2    | Noticed Jorgrun
 28508 | Orc:2    | Killed Jorgrun
 28596 | Orc:2    | Found a dark tunnel.
 28603 | Volcano  | Entered a volcano
 28691 | Volcano  | Reached skill level 10 in Shields
 28889 | Volcano  | Noticed an orb of fire
 29088 | Volcano  | Noticed an orb of fire
 29783 | Orc:2    | Found Xemyikka's Armour Shoppe.
 29789 | Orc:2    | Found Xealep's General Store.
 29822 | Orc:2    | Found Anerch's Antique Weapon Emporium.
 29826 | Orc:2    | Found Iprimem's Antique Armour Emporium.
 29842 | Orc:2    | Bought a pair of runed boots for 255 gold pieces
 29981 | Orc:2    | Lost mutation: You are partially covered in iridescent
                  | scales. (AC +2) [potion of mutation]
 29981 | Orc:2    | Gained mutation: Your spells are a little harder to cast,
                  | but a little more powerful. [potion of mutation]
 29981 | Orc:2    | Gained mutation: You are strong-willed. (Will+) [potion of
                  | mutation]
 30123 | Spider:1 | Entered Level 1 of the Spider Nest
 30208 | Spider:1 | Noticed Donald
 30227 | Abyss:3  | Cast into level 3 of the Abyss (Donald)
 30228 | Abyss:3  | Noticed a bone dragon
 30240 | Abyss:3  | Noticed a tentacled starspawn
 30403 | Abyss:3  | Noticed an ancient lich
 30425 | Abyss:3  | Killed an ancient lich
 30426 | Abyss:3  | Reached skill level 18 in Axes
 30430 | Abyss:3  | Received a gift from Trog
 30436 | Abyss:3  | Paralysed by accursed screaming for 1 turns
 30454 | Abyss:3  | HP: 2/116 [red very ugly thing (5)]
 30454 | Abyss:3  | Demolished by a red very ugly thing

Illustrated notes

Levels and vault maps discovered:
D:1:      minmay_arrival_five_plusses, layout_basic,
          hangedman_abyss_or_decor_lesser_grid, minmay_tiny_reverse_x
D:2:      layout_loops_corners, minmay_misc_feat_rugged,
          chequers_serial_rivers_room_b
D:3:      cheibrodos_old_hovel, layout_loops_corners,
          gammafunk_temple_overflow_statue, wad_floor_pattern_untrapped,
          roderic_serpentine_path, dk_noncrumbling_2
D:4:      lemuel_castle_with_subvaults [lemuel_castle_interior_carwin_1],
          layout_basic, nemelex_spade_bored_becter, minmay_bent, uniq_sigmund,
          uniq_grinder
D:5:      layout_loops_ring, kennysheep_little_box, marbit_many_paths,
          mainiacjoe_overflow_catwalk, minmay_temple_entry_glassed_door,
          minivault_24
D:6:      layout_basic, zin_purify, chequers_serial_rivers_small_3,
          kennysheep_small_circle, uniq_duvessa, uniq_menkaure, uniq_edmund
D:7:      nicolae_cairo_tiling_large_dashed, layout_basic,
          mainiacjoe_overflow_paths
D:8:      layout_layer_cave, mainiacjoe_overflow_24_doors, serial_shops, shop,
          minmay_strange_pillars, dilly_guarded_unrand_throatcut, uniq_amaemon
D:9:      kennysheep_big_flooded_room, layout_grid_maze,
          kiku_gazebo_garden_becter, serial_shops, nicolae_shop_tiny_glass,
          uniq_maggie
D:10:     layout_stronghold, lemuel_coloured_pillars_altar,
          nicolae_overflow_crystal_walls, erik_lair_orcish_takeover,
          orc_0_dummy, serial_shops, shop, uniq_harold
D:11:     layout_cave_pools, nicolae_guarded_unrand_storm_shield, uniq_sonja,
          uniq_maurice, uniq_lodul
D:12:     layout_rooms, serial_curves, eino_curves_04, eino_curves_04, uniq_urug
D:13:     cheibrodos_frozen_isle, layout_loops_ring,
          hellmonk_vaults_attempted_burglary, uniq_azrael
D:14:     layout_irregular_city, grunt_gozag_statues, uniq_frances, uniq_nessos,
          uniq_agnes
D:15:     grunt_enter_depths_snipers, layout_basic, lemuel_tele_altar
Lair:1:   layout_loops_ring, basic_altar, grunt_forest_small_clearing_treed
Lair:2:   layout_regular_city, spider_nest_entry_a
Lair:3:   layout_gridlike, mainiacjoe_shoals_entry_four_pools,
          serial_bayou_shore_b, grunt_megastairs_1, uniq_snorg
Lair:4:   layout_regular_city, beast_lair_carwin_2, serial_bayou_shore_b,
          grunt_megastairs_3
Lair:5:   minmay_lair_end_enchanted_forest, layout_regular_city,
          dpeg_slime_entry_corner, chequers_serial_rivers_small_a,
          grunt_megastairs_2, infiniplex_staircase_pool_2, uniq_kirke
Spider:1: layout_spider_delve, drop_trap, uniq_donald
Orc:1:    layout_diamond_mine, portal_ice_cave_entry_imps, basic_altar,
          serial_shops, shop
Orc:2:    st_orc_mages, layout_diamond_mine, enter_volcano_1, mines5_lemuel,
          uniq_jorgrun
Abyss:3:  base: D:5, gammafunk_abyss_rune_reverse_zot, minivault_1,
          minivault_25, evilmike_abyss_exit_chaos, evilmike_abyss_exit_mutagenic

Skill      XL: |  1  2  3  4  5  6  7  8  9 10 11 12 13 14 15 16 17 |
---------------+----------------------------------------------------+-----
Axes           | 3 4 5 7 9 11 12 14 15 16 17 18 | 18.0
Fighting       | 4 5 6 8 9 10 12 14 15 16 | 16.8
Dodging        | 2 3 4 |  4.8
Short Blades   | 1 2 |  2.7
Armour         | 3 4 5 6 7 9 10 12 13 14 15 | 15.8
Stealth        | 1 2 3 |  3.3
Long Blades    | 2 3 |  3.2
Shields        | 5 9 10 | 10.8
Throwing       | 1 |  1.2
Evocations     | 1 |  1.6

Action                     |  1- 3 |  4- 6 |  7- 9 | 10-12 | 13-15 | 16-18 || total
---------------------------+-------+-------+-------+-------+-------+-------++-------
  Melee: Hand axe          |   113 |    23 |    24 |       |       |       ||   160
         Short sword       |    31 |    89 |     9 |       |       |       ||   129
         War axe           |       |       |   328 |   521 |  1102 |   719 ||  2670
         Long sword        |       |       |       |    18 |    42 |       ||    60
         Broad axe         |       |       |       |       |    34 |       ||    34
  Throw: Dart              |       |       |       |       |    15 |       ||    15
 Invoke: Berserk           |     1 |     3 |     4 |    12 |    18 |    11 ||    49
         Trog's Hand       |       |     1 |     2 |     1 |    21 |     7 ||    32
         Brothers in Arms  |       |       |       |       |     8 |     4 ||    12
  Evoke: Wand              |       |       |       |       |    14 |       ||    14
    Use: Scroll            |     5 |     1 |     6 |    10 |     8 |     8 ||    38
         Potion            |     1 |       |     5 |     1 |     3 |     6 ||    16
   Stab: Sleeping          |     1 |       |       |       |       |       ||     1
         Distracted        |       |       |       |       |     1 |     1 ||     2
 Armour: Animal skin       |    72 |       |       |       |       |       ||    72
         Scale mail        |    37 |    82 |   188 |       |       |       ||   307
         Plate armour      |       |       |   192 |   638 |  1253 |   406 ||  2489
  Dodge: Dodged            |    93 |    66 |   187 |   326 |   588 |   209 ||  1469
  Block: Kite shield       |       |       |       |       |   261 |   629 ||   890

Table legend: (Time is in decaauts)
 A = Elapsed time spent in this place.
 B = Non-inter-level travel time spent in this place.
 C = Inter-level travel time spent in this place.
 D = Time resting spent in this place.
 E = Time spent auto-exploring this place.
 F = Levels seen in this place.
 G = Mean time per level.
                   A        B        C        D        E       F      G
               +--------+--------+--------+--------+--------+-----+--------+
         Total |  30491 |  29361 |   1130 |   2748 |  19446 |  27 | 1129.3 |
       Dungeon |  18505 |  17763 |    742 |   1564 |  12265 |  15 | 1233.7 |
          Lair |   7863 |   7587 |    276 |    846 |   5047 |   5 | 1572.6 |
   Spider Nest |     96 |     96 |      0 |      0 |     69 |   1 |   96.0 |
  Orcish Mines |   1773 |   1662 |    111 |    104 |   1042 |   2 |  886.5 |
         Abyss |    916 |    916 |      0 |    178 |    261 |   2 |  458.0 |
      Ice Cave |    684 |    684 |      0 |      0 |    433 |   1 |  684.0 |
       Volcano |    651 |    651 |      0 |     55 |    328 |   1 |  651.0 |
               +--------+--------+--------+--------+--------+-----+--------+

Top non-repeatable levels by time:
  Lair:5: 2152 daAuts
    D:14: 1921 daAuts
     D:4: 1885 daAuts
  Lair:4: 1834 daAuts
    D:10: 1549 daAuts
     D:9: 1533 daAuts
  Lair:2: 1504 daAuts
    D:11: 1500 daAuts
    D:15: 1412 daAuts
     D:8: 1328 daAuts
  Lair:3: 1247 daAuts
   Orc:2: 1232 daAuts
     D:3: 1140 daAuts
  Lair:1: 1125 daAuts
     D:2: 1106 daAuts
